 Dungeon Crawl Stone Soup version 0.26.0-18-gc5c842f807 (webtiles) character file.

Game seed: 3470908448699047423

56 thiole the Sneak (level 3, -1/21 HPs)
             Began as an Octopode Hedge Wizard on Jan 24, 2021.
             Slain by an orc
             ... wielding a +0 dagger
              (6 damage)
             ... on level 3 of the Dungeon.
             The game lasted 00:02:21 (1935 turns).

thiole the Sneak (Octopode Hedge Wizard)            Turns: 1935, Time: 00:02:22

Health: -1/21      AC:  1    Str:  9    XL:     3   Next: 95%
Magic:  0/7        EV: 13    Int: 17    God:
Gold:   127        SH:  0    Dex: 11    Spells: 0/8 levels left

rFire    . . .     SeeInvis .   a - +0 dagger
rCold    . . .     Faith    .   (no shield)
rNeg     . . .     Spirit   .   b - +0 hat
rPois    .         Reflect  .   (no amulet)
rElec    .         Harm     .   (no ring)
rCorr    .         Rampage  .   (no ring)
Will     .....                  (no ring)
Stlth    +++.......             (no ring)
HPRegen  0.07/turn              (no ring)
MPRegen  0.10/turn              (no ring)
                                (no ring)
                                (no ring)

@: no status effects
A: almost no armour, stealthy swim, amphibious, 8 rings, constrict 8, camouflage
1, gelatinous body 1
a: no special abilities


You were on level 3 of the Dungeon.
You visited 1 branch of the dungeon, and saw 3 of its levels.

You collected 127 gold pieces.

Inventory:

Hand Weapons
 a - a +0 dagger (weapon)
Armour
 b - a +0 hat (worn)
Scrolls
 d - a scroll of fear {unknown}
 e - a scroll of magic mapping {unknown}
 h - 3 scrolls of enchant armour {unknown}
 j - a scroll of identify {unknown}
 k - a scroll of random uselessness {unknown}
 l - a scroll of enchant weapon {unknown}
Potions
 c - 2 potions of brilliance {unknown}
 f - 2 potions of curing {unknown}
 g - a potion of degeneration {unknown}
 i - a potion of flight {unknown}


   Skills:
 - Level 2.0 Dodging
 + Level 3.3 Stealth
 + Level 3.3 Spellcasting
 * Level 2.2 Conjurations
 - Level 2.0 Summonings
 - Level 1.0 Translocations
 * Level 0.4 Air Magic


You couldn't memorise any spells.
You knew the following spells:

 Your Spells              Type           Power        Failure   Level
a - Magic Dart            Conj           40%          7%          1
b - Call Imp              Summ           9%           12%         2
c - Blink                 Tloc           N/A          17%         2
d - Mephitic Cloud        Conj/Pois/Air  5%           34%         3

Your spell library contained the following spells:

 Spells                   Type           Power        Failure   Level
 Slow                     Hex            2%           26%         2
 Conjure Flame            Conj/Fire      6%           32%         3


Dungeon Overview and Level Annotations

Branches:
Dungeon (3/15)

Altars:


Innate Abilities, Weirdness & Mutations

You cannot wear most types of armour.
You are very stealthy in the water. (Stealth+)
You are amphibious.
You can wear up to eight rings at the same time.
You can use your tentacles to constrict eight enemies at once.
Your skin changes colour to match your surroundings (Stealth+).
Your rubbery body absorbs attacks. (AC +1, EV +1)


Message History

You kill the orc!
The hobgoblin hits your shadow imp but does no damage.
Your shadow imp hits the hobgoblin.
Your shadow imp barely misses the hobgoblin.
You closely miss the orc. You grab the orc. You constrict the orc.
The orc closely misses you.
Your shadow imp closely misses the hobgoblin.
Casting: Magic Dart (safe; 7% risk of failure)
Confirm with . or Enter, or press ? or * to list all spells.
Aiming: Magic Dart (safe; 7% risk of failure)
Press: ? - help, Shift-Dir - straight line, f - orc
Aim: an orc, wielding a +0 dagger (moderately wounded, constricted by you, 0% to evade)
The magic dart hits the orc.
The orc is heavily wounded.
You constrict the orc. The orc completely misses you.
Your shadow imp closely misses the hobgoblin.
You hit the orc but do no damage.
The orc is heavily wounded.
You constrict the orc. The orc hits you with a +0 dagger.
You die...

.#########
....([.<.# #
.#######.#
#...######5#.##.#
.......@og........
#...##############
#


You could see an orc, a hobgoblin and a friendly shadow imp (summoned).

Vanquished Creatures
  An adder (D:2)
  A worm (D:2)
  2 dart slugs (D:2)
  3 leopard geckos (D:2)
  3 orcs (D:3)
  A giant cockroach (D:2)
  4 goblins
  4 hobgoblins
  4 kobolds
  A quokka (D:2)
  2 bats (D:2)
  2 frilled lizards
  2 rats (D:2)
30 creatures vanquished.

Vanquished Creatures (collateral kills)
  An orc (D:3)
1 creature vanquished.

Grand Total: 31 creatures vanquished

Notes
Turn   | Place    | Note
-------+----------+-------------------------------------------
     0 | D:1      | thiole the Octopode Hedge Wizard began the quest for the
                  | Orb.
     0 | D:1      | Reached XP level 1. HP: 11/11 MP: 4/4
   496 | D:2      | Reached XP level 2. HP: 17/17 MP: 0/6
  1048 | D:2      | Reached XP level 3. HP: 17/21 MP: 1/7
  1051 | D:2      | Learned a level 2 spell: Call Imp
  1054 | D:2      | Learned a level 2 spell: Blink
  1058 | D:2      | Learned a level 3 spell: Mephitic Cloud
  1935 | D:3      | Slain by an orc

Illustrated notes

Levels and vault maps discovered:
D:1:      minmay_arrival_plants_in_alcoves, layout_basic
D:2:      layout_basic
D:3:      layout_loops_ring, chequers_temple_overflow_minitemple

Skill      XL: |  1  2  3 |
---------------+----------+-----
Stealth        | 3 |  3.3
Conjurations   | 2 |  2.2
Summonings     | 2 |  2.0
Dodging        | |  2.0
Spellcasting   | |  3.3
Translocations | |  1.0
Air Magic      | |  0.4

Action                   || total
-------------------------++-------
Melee: Dagger            ||    31
       Tentacles         ||     7
       Constrict         ||     8
 Cast: Magic Dart        ||    79
       Call Imp          ||     1
Armor: Skin              ||     2
Dodge: Dodged            ||    21
